[Event "Titled Tuesday Blitz April 18 Late 2023"]
[White "Pranav, V"]
[Black "Karacsonyi, Gellert"]
[WhiteFideId "25060783"]
[BlackFideId "764620"]
[WhiteElo "2500"]
[BlackElo "2308"]
[Result "1-0"]
[Round "07"]
[TimeControl "180+2"]
[Date "2023.04.18"]
[WhiteClock "0:00:45"]
[BlackClock "0:00:03"]

1. Nf3 Nf6 2. g3 e6 3. Bg2 d5 4. O-O Be7 5. d3 O-O 6. Nbd2 c5 7. e4 dxe4 8. dxe4 Nc6 9. Re1 e5 10. c3 Qc7 11. Qe2 h6 12. Nc4 Be6 13. Nh4 b5 14. Ne3 b4 15. Nd5 Qb7 16. Rd1 Rad8 17. h3 Nb8 18. c4 Bxd5 19. exd5 Bd6 20. Nf5 Qd7 21. Be4 Kh8 22. Qf3 Nxe4 23. Qxe4 g6 24. Nxd6 Qxd6 25. Bxh6 Rfe8 26. Bg5 Rc8 27. Re1 Nd7 28. a3 b3 29. h4 f5 30. Qf3 Rb8 31. Bd2 Kg8 32. Bc3 Rb7 33. Qe3 f4 34. gxf4 e4 35. f5 Nf6 36. Qg5 Nh5 37. Qxg6+ Qxg6+ 38. fxg6 Nf4 39. Kh2 Rb6 40. Rg1 Rxg6 41. Rxg6+ Nxg6 42. Rg1 Kh7 43. Rg5 Nf4 44. d6 Ne2 45. Bf6 Re6 46. d7 Rxf6 47. d8=Q Rxf2+ 48. Rg2 1-0


[Site "https://www.chess.com"]

[Event "Titled Tuesday Blitz April 18 Late 2023"]
[White "Rodshtein, Maxim"]
[Black "Moussard, Jules"]
[WhiteFideId "2806851"]
[BlackFideId "642908"]
[WhiteElo "2555"]
[BlackElo "2610"]
[Result "0-1"]
[Round "07"]
[TimeControl "180+2"]
[Date "2023.04.18"]
[WhiteClock "0:00:37"]
[BlackClock "0:00:59"]

1. b3 e5 2. Bb2 Nc6 3. e3 g6 4. Nf3 Bg7 5. c4 Nge7 6. d4 e4 7. Nfd2 f5 8. Nc3 d5 9. h4 Be6 10. g3 O-O 11. a3 h6 12. Qc2 a5 13. O-O-O Qe8 14. Kb1 Qf7 15. Be2 Nb8 16. cxd5 Nxd5 17. Nc4 Nd7 18. Nxd5 Bxd5 19. a4 c6 20. Ba3 b5 21. axb5 cxb5 22. Nd6 Qe6 23. Bxb5 Rfb8 24. Qc7 Nf6 25. Bc4 Bf8 26. Rc1 Bxc4 27. Qxc4 Rxb3+ 28. Ka2 Rxa3+ 29. Kxa3 Bxd6+ 30. Ka4 Nd5 31. Qc6 Rb8 32. Rb1 Nc3+ 33. Qxc3 Qa2+ 34. Qa3 Qxa3# 0-1


[Site "https://www.chess.com"]

[Event "Titled Tuesday Blitz April 18 Late 2023"]
[White "Llorente Zaro, Alfonso"]
[Black "Svane, Rasmus"]
[WhiteFideId "2254131"]
[BlackFideId "4657101"]
[WhiteElo "2485"]
[BlackElo "2597"]
[Result "1-0"]
[Round "07"]
[TimeControl "180+2"]
[Date "2023.04.18"]
[WhiteClock "0:00:06"]
[BlackClock "0:00:08"]

1. e4 c6 2. Nf3 d5 3. d3 dxe4 4. dxe4 Qxd1+ 5. Kxd1 Nf6 6. Nfd2 g5 7. c3 h5 8. Bd3 Nbd7 9. Bc2 Ne5 10. Na3 Be6 11. Ke2 h4 12. Bb3 Bg4+ 13. f3 Bh5 14. Ndc4 Nxc4 15. Nxc4 Nxe4 16. Be3 Nd6 17. Nxd6+ exd6 18. Bxg5 Rg8 19. Bxh4 Rxg2+ 20. Bf2 Kd7 21. Rag1 Re8+ 22. Kf1 Rxg1+ 23. Rxg1 d5 24. Bd1 a5 25. a3 Bd6 26. Bg3 Be7 27. Kg2 b5 28. Re1 Rg8 29. Bc2 Bd6 30. Bf5+ Kd8 31. Kf2 Bc5+ 32. Kg2 b4 33. axb4 axb4 34. Ra1 Ke7 35. Ra6 bxc3 36. bxc3 Kf6 37. Rxc6+ Kxf5 38. Rxc5 Ke6 39. Rc6+ Kf5 40. Rd6 Rc8 41. Rxd5+ Kg6 42. Rd6+ Kf5 43. Rd5+ Kg6 44. Be5 Kh7 45. Bd4 Bg6 46. Kg3 Ra8 47. Kf4 Ra2 48. Rd8 Bd3 49. h4 Rh2 50. Kg3 Rh1 51. Kg2 Re1 52. Bf2 Rc1 53. Rxd3 Kg6 54. Kg3 Kf5 55. Rd5+ Ke6 56. Rd3 Ke5 57. Re3+ Kd5 58. Be1 f5 59. Kf4 Kd6 60. Bg3 Kd7 61. Kxf5 Rc2 62. Bf4 Rc1 63. h5 Rh1 64. h6 Rg1 65. Bg5 Rh1 66. Kg6 Kc6 67. h7 Rd1 68. Bf6 Rd7 69. h8=Q Rc7 70. Qe8+ Kb7 71. Re7 Kb6 72. Rxc7 Ka5 73. Qe5+ Ka6 74. Qd6+ Kb5 75. Qd5+ Ka4 76. Qc4+ Ka3 77. Ra7+ Kb2 78. Ra2+ Kc1 79. Qf1# 1-0


[Site "https://www.chess.com"]

[Event "Titled Tuesday Blitz April 18 Late 2023"]
[White "Terry, Renato"]
[Black "Beerdsen, Thomas"]
[WhiteFideId "3803457"]
[BlackFideId "1030108"]
[WhiteElo "2575"]
[BlackElo "2547"]
[Result "1-0"]
[Round "07"]
[TimeControl "180+2"]
[Date "2023.04.18"]
[WhiteClock "0:00:04"]
[BlackClock "0:00:33"]

1. Nf3 h6 2. e4 g5 3. d4 g4 4. Nh4 h5 5. h3 d5 6. e5 c5 7. dxc5 Nc6 8. Bf4 Bh6 9. Bxh6 Nxh6 10. Bb5 Be6 11. c3 Qc7 12. Qd4 Rg8 13. Nd2 Qa5 14. a4 gxh3 15. gxh3 Qc7 16. Qf4 Rh8 17. Ndf3 O-O-O 18. O-O-O Na5 19. b4 Nc4 20. Bxc4 dxc4 21. Rxd8+ Qxd8 22. Nd4 Bd5 23. Rd1 e6 24. Nb5 Kb8 25. Nd6 Qd7 26. Qf6 Rd8 27. b5 Ng8 28. Qxf7 Ne7 29. Ng6 Nxg6 30. Qxg6 a6 31. Qg5 axb5 32. axb5 Rf8 33. Qe3 Qc7 34. Kb2 Qg7 35. c6 Qg2 36. Rd2 Kc7 37. Qa7 Bxc6 38. bxc6 Qxc6 39. Qa5+ Kb8 40. Qb5 Qc7 41. Nxc4 Rf4 42. Kb3 Rf7 43. Rd6 h4 44. Rb6 Rf3 45. Qe8+ Ka7 46. Qa4+ Kb8 47. Rxe6 Rf8 48. Re8+ Rxe8 49. Qxe8+ Ka7 50. Qa4+ Kb8 51. Qb4 Qf7 52. Qd6+ Ka8 53. e6 Qe8 54. Qd7 Qg6 55. e7 Qb1+ 56. Nb2 Qd1+ 57. Nxd1 1-0


[Site "https://www.chess.com"]

[Event "Titled Tuesday Blitz April 18 Late 2023"]
[White "Eljanov, Pavel"]
[Black "Flores, Diego"]
[WhiteFideId "14102951"]
[BlackFideId "108049"]
[WhiteElo "2598"]
[BlackElo "2613"]
[Result "1-0"]
[Round "07"]
[TimeControl "180+2"]
[Date "2023.04.18"]
[WhiteClock "0:00:08"]
[BlackClock "0:00:02"]

1. d4 Nf6 2. Nf3 e6 3. c4 d5 4. g3 Bb4+ 5. Bd2 a5 6. Bg2 O-O 7. Qc1 c5 8. dxc5 d4 9. Bxb4 axb4 10. Qf4 Nc6 11. Nbd2 d3 12. e3 Nd7 13. Nb3 e5 14. Qh4 Qxh4 15. Nxh4 Na5 16. Nxa5 Rxa5 17. c6 bxc6 18. Nf5 Nc5 19. Ne7+ Kh8 20. Nxc6 Ra4 21. Kd2 e4 22. b3 Ra3 23. Nxb4 Bg4 24. Kc3 Rb8 25. Nd5 f5 26. h3 Be2 27. g4 g6 28. Rhg1 Nxb3 29. axb3 Raxb3+ 30. Kd4 d2 31. gxf5 gxf5 32. Nf4 Rd8+ 33. Ke5 d1=Q 34. Rgxd1 Bxd1 35. Kxf5 Rb2 36. Bxe4 Rxf2 37. Bd5 Rf8+ 38. Ke5 Bc2 39. Ra2 Re8+ 40. Kd4 Rh2 41. e4 Rf8 42. Ne6 Rff2 43. Ra8+ 1-0


[Site "https://www.chess.com"]

[Event "Titled Tuesday Blitz April 18 Late 2023"]
[White "Makridis, Dimitrios"]
[Black "Durarbayli, Vasif"]
[WhiteFideId "25864475"]
[BlackFideId "13402935"]
[WhiteElo "2277"]
[BlackElo "2551"]
[Result "1/2-1/2"]
[Round "07"]
[TimeControl "180+2"]
[Date "2023.04.18"]
[WhiteClock "0:00:08"]
[BlackClock "0:00:12"]

1. e4 c5 2. Nf3 d6 3. d4 cxd4 4. Nxd4 Nf6 5. Nc3 Nc6 6. Bc4 Qb6 7. Nb3 g6 8. Qe2 Bg7 9. f3 O-O 10. Be3 Qc7 11. Qd2 a6 12. h4 b5 13. Be2 b4 14. Na4 Rb8 15. h5 Ne5 16. hxg6 fxg6 17. a3 a5 18. axb4 axb4 19. Nd4 Bd7 20. b3 Rfc8 21. O-O d5 22. exd5 Nxd5 23. Nb5 Qxc2 24. Qxd5+ e6 25. Qd1 Bxb5 26. Bxb5 Qxd1 27. Raxd1 Rxb5 28. Rd6 Kf7 29. Rfd1 Bf8 30. Ra6 Rb7 31. Bd4 Nd7 32. Be3 Ne5 33. Bd4 Nc6 34. Be3 Nb8 35. Ra5 Be7 36. Nb6 Rc3 37. Bd4 Rxb3 38. Nc4 Nc6 39. Ra6 Nxd4 40. Rxd4 Rb1+ 41. Kh2 b3 42. Ne5+ Kg7 43. Rxe6 b2 44. Rf4 Bg5 45. Rg4 Rh1+ 46. Kxh1 b1=Q+ 47. Kh2 Qc1 48. Kg3 h5 49. Re4 h4+ 50. Kh2 Bf6 51. Ng4 Rf7 52. Nxf6 Rxf6 53. Rxf6 Kxf6 54. Rxh4 g5 55. Rg4 Ke5 56. Re4+ Kf5 57. Rg4 Qd2 58. Re4 Kg6 59. Rg4 Kf6 60. Re4 Qd6+ 61. Kh3 Qb8 62. Rg4 Qh8+ 63. Kg3 Qh1 64. Re4 Kf5 65. Kf2 Qd1 66. Rg4 Qd6 67. Re4 Qb6+ 68. Kg3 Qc6 69. Rg4 Kg6 70. Re4 Kh5 71. Kh3 Qd6 72. Rg4 Qd1 73. Re4 Qh1+ 74. Kg3 Kg6 75. Rg4 Kf5 76. Re4 Qh8 77. Rg4 Qb8+ 78. Kh3 Qb2 79. Re4 Qc1 80. Kg3 Qd1 81. Rg4 Qe1+ 82. Kh3 Qe2 83. Kg3 Qe1+ 84. Kh3 Qf2 85. Re4 Kf6 86. Rg4 Ke5 87. Rxg5+ Kd4 88. Rg4+ Kd3 89. Re4 Qg1 90. Kg3 Qh1 91. Kf2 Qh2 92. Kf1 Kd2 93. Kf2 Qh8 94. Kg3 Kd3 95. Kf2 Qh7 96. Kg3 Qa7 97. Kh2 Qf2 98. Kh3 Qf1 99. Kg3 Qg1 100. Kh3 Qf1 101. Kg3 Qh1 102. Kf2 Kd2 103. Rd4+ Kc3 104. Re4 Kd3 105. Kg3 Qh8 106. Kf2 Qg7 107. Kf1 Qg3 108. Re2 Qh2 109. Re4 Qh5 110. Kf2 Qb5 111. Kf1 Kd2+ 112. Kf2 Qd3 113. Kg3 Kd1 114. Kf2 Qc3 115. Kg3 Qa5 116. Kf2 Qa7+ 117. Kg3 Qg1 118. Kh3 Kd2 119. Kg3 Kd3 120. Kh3 Qh1+ 121. Kg3 Qh6 122. Kf2 Qg5 123. Kf1 Qg3 124. Kg1 Kd2 125. Kf1 Kd1 126. Rd4+ Kc2 127. Re4 Kc3 128. Kg1 Kd3 129. Kf1 Qb8 130. Kg1 Qb1+ 131. Kh2 Qf1 132. Kg3 1/2-1/2


[Site "https://www.chess.com"]

[Event "Titled Tuesday Blitz April 18 Late 2023"]
[White "Zhigalko_Sergei"]
[Black "Averjanov, Alexey"]
[BlackFideId "14109867"]
[WhiteElo "2916"]
[BlackElo "2650"]
[Result "1/2-1/2"]
[Round "07"]
[TimeControl "180+2"]
[Date "2023.04.18"]
[WhiteClock "0:00:02"]
[BlackClock "0:00:07"]

1. e4 c6 2. d4 d5 3. e5 Bf5 4. Nf3 e6 5. Be2 Nd7 6. O-O a5 7. a4 f6 8. Bf4 fxe5 9. Nxe5 Bd6 10. Nf7 Kxf7 11. Bxd6 Ngf6 12. Nd2 Re8 13. Nf3 Kg8 14. c3 Ne4 15. Bf4 Qf6 16. Qc1 h6 17. h3 Rf8 18. Bh2 Rae8 19. Qe3 Kh7 20. Rae1 b6 21. Ne5 Nxe5 22. Bxe5 Qe7 23. Bd1 Nf6 24. Qg3 Ne4 25. Qh2 Nd2 26. Bd6 Qg5 27. f4 Qg6 28. Bxf8 Nxf1 29. Kxf1 Rxf8 30. Bf3 Bd3+ 31. Kf2 Qf6 32. Re5 Bc4 33. Ke3 Bb3 34. Be2 Bxa4 35. Bd3+ Kh8 36. g4 Bb5 37. Bc2 c5 38. Qg3 Bd7 39. g5 hxg5 40. Rxg5 Kg8 41. Bg6 Be8 42. Bd3 Bf7 43. Qh4 g6 44. Qg4 Kg7 45. h4 cxd4+ 46. cxd4 Kh6 47. h5 gxh5 48. Qg3 Rh8 49. Bc2 Rf8 50. Bd3 Rh8 51. Qh4 Qd8 52. Qg3 Qf6 1/2-1/2


[Site "https://www.chess.com"]

[Event "Titled Tuesday Blitz April 18 Late 2023"]
[White "Demchenko, Anton"]
[Black "Mendez Fortes, Eduardo Jesus"]
[WhiteFideId "4160258"]
[BlackFideId "3502376"]
[WhiteElo "2545"]
[BlackElo "2307"]
[Result "0-1"]
[Round "07"]
[TimeControl "180+2"]
[Date "2023.04.18"]
[WhiteClock "0:00:04"]
[BlackClock "0:00:09"]

1. e4 c5 2. Nc3 d6 3. f4 g6 4. Nf3 Bg7 5. Bc4 Nc6 6. d3 e6 7. a3 Nge7 8. Ba2 O-O 9. h4 d5 10. h5 Nd4 11. hxg6 fxg6 12. Ng5 h6 13. Nh3 b5 14. Ne2 dxe4 15. dxe4 Nec6 16. Nxd4 Bxd4 17. Qg4 Kg7 18. c3 h5 19. Qg3 Bf6 20. Nf2 h4 21. Qf3 e5 22. Bd5 Bb7 23. Ng4 exf4 24. Bd2 Ne5 25. Nxe5 Bxd5 26. exd5 Bxe5 27. O-O-O b4 28. Rhe1 Qf6 29. cxb4 Bxb2+ 30. Kb1 Rfe8 31. Re6 Rxe6 32. dxe6 Re8 33. Bxf4 cxb4 34. Rd7+ Kg8 35. axb4 Qxe6 36. Qd5 Qxd5 37. Rxd5 Bf6 38. Bg5 Bxg5 39. Rxg5 Kf7 40. Rg4 Rh8 41. Rc4 Kf6 42. Rc6+ Kg5 43. Ra6 Rb8 44. Ra4 Kg4 45. Kc2 Kg3 46. Ra6 g5 47. Kc3 g4 48. Rxa7 Kxg2 49. Rh7 h3 50. Kc4 h2 51. b5 h1=Q 52. Rxh1 Kxh1 53. Kc5 g3 0-1


[Site "https://www.chess.com"]

[Event "Titled Tuesday Blitz April 18 Late 2023"]
[White "Leiva, Gianmarco"]
[Black "Pichot, Alan"]
[WhiteFideId "3804399"]
[BlackFideId "110973"]
[WhiteElo "2345"]
[BlackElo "2573"]
[Result "0-1"]
[Round "07"]
[TimeControl "180+2"]
[Date "2023.04.18"]
[WhiteClock "0:00:01"]
[BlackClock "0:00:08"]

1. e4 e5 2. Nf3 Nc6 3. Bc4 Bc5 4. d3 Nf6 5. O-O O-O 6. a4 d6 7. c3 a6 8. h3 h6 9. Re1 Ba7 10. Nbd2 Be6 11. Bb3 Re8 12. Nf1 d5 13. exd5 Bxd5 14. Bc2 Qd7 15. Be3 Bxe3 16. Rxe3 Rad8 17. Ng3 Re7 18. Qe2 Rde8 19. a5 Bxf3 20. Qxf3 Nd5 21. Ree1 Nf4 22. d4 Nd5 23. Nf5 Re6 24. Bb3 exd4 25. Red1 Rf6 26. Nxh6+ gxh6 27. Qxd5 Qxd5 28. Bxd5 Re2 29. Bf3 Rxb2 30. cxd4 Rd6 31. Ra4 Ne7 32. Rc4 c6 33. Rc5 Rb5 34. Rxb5 axb5 35. Re1 Kf8 36. Re4 Nf5 37. Rf4 Nxd4 38. Bh5 f6 39. Re4 Rd8 40. Re3 b4 41. Bd1 c5 42. Bb3 Nxb3 43. Rxb3 Ra8 44. Rf3 Kf7 45. Rd3 Ke6 46. Re3+ Kd5 47. Re7 Rxa5 48. Rxb7 Kc4 49. g4 b3 50. Rb6 Rb5 0-1


[Site "https://www.chess.com"]

[Event "Titled Tuesday Blitz April 18 Late 2023"]
[White "Sabuk, Piotr"]
[Black "Popovic, Dusan"]
[WhiteFideId "1137565"]
[BlackFideId "927031"]
[WhiteElo "2298"]
[BlackElo "2573"]
[Result "1-0"]
[Round "07"]
[TimeControl "180+2"]
[Date "2023.04.18"]
[WhiteClock "0:00:09"]
[BlackClock "0:00:04"]

1. d4 g6 2. e4 Bg7 3. Nf3 d6 4. Bc4 Nc6 5. h3 Nf6 6. Qe2 e5 7. dxe5 Nxe5 8. Nxe5 dxe5 9. O-O Nh5 10. Rd1 Qh4 11. Qf3 O-O 12. Nc3 c6 13. a4 Kh8 14. Be3 g5 15. Bc5 g4 16. g3 gxf3 17. gxh4 Bxh3 18. Bxf8 Rxf8 19. Kh2 Nf4 20. Rd6 Be6 21. b3 Bf6 22. Rad1 Bxh4 23. R1d2 Rg8 24. Bxe6 fxe6 25. Kh1 Nh3 26. Nd1 Ng5 27. Rd7 Nxe4 28. R2d3 Nf6 29. Rf7 e4 30. Rd6 Re8 31. Ne3 Kg8 32. Rxb7 Bg5 33. Nc4 Ng4 34. Rxc6 Nxf2+ 35. Kg1 Nh3+ 36. Kh2 Nf4 37. Rcc7 Bf6 38. Nd6 Rf8 39. Nxe4 Be5 40. Rxh7 1-0


[Site "https://www.chess.com"]

[Event "Titled Tuesday Blitz April 18 Late 2023"]
[White "Anton Guijarro, David"]
[Black "Klenburg, Michael"]
[WhiteFideId "2285525"]
[BlackFideId "14102072"]
[WhiteElo "2618"]
[BlackElo "2396"]
[Result "1-0"]
[Round "07"]
[TimeControl "180+2"]
[Date "2023.04.18"]
[WhiteClock "0:00:17"]
[BlackClock "0:00:12"]

1. d4 d6 2. Nf3 Nf6 3. Nbd2 Nbd7 4. e4 e5 5. c3 Be7 6. Bd3 c6 7. O-O O-O 8. Re1 Qc7 9. Nf1 Re8 10. Ng3 Bf8 11. h3 g6 12. Bg5 Bg7 13. Qd2 Nf8 14. Bh6 Ne6 15. a4 Kh8 16. Rad1 Ng8 17. Bxg7+ Kxg7 18. Bc4 f6 19. Nh2 Nf4 20. Ne2 Nxe2+ 21. Rxe2 Nh6 22. dxe5 dxe5 23. Re3 Nf7 24. Rd3 Re7 25. h4 a6 26. h5 b5 27. Bxf7 Rxf7 28. h6+ Kf8 29. Rd8+ Ke7 30. Rg8 Bb7 31. Rxa8 Bxa8 32. Ng4 Bb7 33. Qe3 c5 34. axb5 axb5 35. Qe2 Bc6 36. Ne3 Kf8 37. Nd5 Bxd5 38. Rxd5 c4 39. Qd2 Re7 40. Rd8+ Kf7 41. Qd5+ Re6 42. Rd7+ 1-0


[Site "https://www.chess.com"]

[Event "Titled Tuesday Blitz April 18 Late 2023"]
[White "Sadhwani, Raunak"]
[Black "Lewicki, Miroslaw"]
[WhiteFideId "35093487"]
[BlackFideId "1113380"]
[WhiteElo "2631"]
[BlackElo "2212"]
[Result "1-0"]
[Round "07"]
[TimeControl "180+2"]
[Date "2023.04.18"]
[WhiteClock "0:00:06"]
[BlackClock "0:00:01"]

1. Nf3 Nf6 2. b3 g6 3. Bb2 Bg7 4. g3 O-O 5. Bg2 d5 6. c4 c5 7. cxd5 Nxd5 8. Bxg7 Kxg7 9. O-O Nc6 10. d4 cxd4 11. Nxd4 Nxd4 12. Qxd4+ Nf6 13. Qb2 Qb6 14. Nc3 Be6 15. Na4 Qb4 16. Qc3 Qxc3 17. Nxc3 Rac8 18. Rac1 b6 19. Nb5 a5 20. Nc7 Bg4 21. Bb7 Rb8 22. Ba6 Rfd8 23. f3 Bh3 24. Rfd1 h5 25. Kf2 e5 26. Rxd8 Rxd8 27. Rc6 Rd2 28. a4 e4 29. Ke3 Rd7 30. Bc4 exf3 31. exf3 Re7+ 32. Kf2 Rd7 33. Nb5 Rd2+ 34. Ke3 Rxh2 35. Rxb6 g5 36. Rb7 Bd7 37. Nd6 h4 38. gxh4 gxh4 39. Nxf7 Kf8 40. Ne5 Be8 41. Kf4 Rg2 42. Kf5 Nh5 43. Rh7 Ng7+ 44. Ke4 Rb2 45. Rxh4 1-0


[Site "https://www.chess.com"]

[Event "Titled Tuesday Blitz April 18 Late 2023"]
[White "Svane, Frederik"]
[Black "Martinez Ramirez, Lennis"]
[WhiteFideId "12923044"]
[BlackFideId "3509079"]
[WhiteElo "2502"]
[BlackElo "2410"]
[Result "1-0"]
[Round "07"]
[TimeControl "180+2"]
[Date "2023.04.18"]
[WhiteClock "0:00:37"]
[BlackClock "0:00:02"]

1. e3 e5 2. Qe2 Nc6 3. Kd1 Nf6 4. Qe1 d5 5. d3 Bd6 6. Nd2 a5 7. Ne2 a4 8. a3 O-O 9. h3 b5 10. g4 b4 11. axb4 Nxb4 12. Bg2 c6 13. g5 Nd7 14. h4 f5 15. Nc3 Nb6 16. Bf1 c5 17. Rg1 d4 18. Nb5 Bb8 19. Bg2 Ra5 20. Na3 Be6 21. f4 Bf7 22. fxe5 Bxe5 23. e4 f4 24. Bf3 Qd6 25. Be2 Rd8 26. Nf3 c4 27. Bd2 c3 28. bxc3 dxc3 29. Bxc3 Bxc3 30. Qxc3 Rc8 31. Qd4 N4d5 32. exd5 Rxd5 33. Qf2 Bg6 34. Nd2 Rdc5 35. Rf1 Qe5 36. d4 Qc7 37. dxc5 Nd5 38. Bc4 Bf7 39. Bxd5 Bxd5 40. Qxf4 Qxc5 41. Re1 Qc3 42. Qe5 Bf3+ 43. Kc1 1-0


[Site "https://www.chess.com"]

[Event "Titled Tuesday Blitz April 18 Late 2023"]
[White "Ibrahimli, Murad"]
[Black "Feng, Eric"]
[WhiteFideId "13410229"]
[BlackFideId "30952590"]
[WhiteElo "2364"]
[BlackElo "1785"]
[Result "1-0"]
[Round "07"]
[TimeControl "180+2"]
[Date "2023.04.18"]
[WhiteClock "0:01:49"]
[BlackClock "0:01:32"]

1. e4 c6 2. Nf3 d5 3. e5 Bf5 4. c4 e6 5. Be2 Nd7 6. O-O Ne7 7. b3 Bg6 8. Bb2 h5 9. d4 Nf5 10. Nc3 Be7 11. Bd3 Bh7 12. cxd5 cxd5 13. Qb1 Nb8 14. Ne2 g5 15. Ng3 Nxg3 16. fxg3 Bxd3 17. Qxd3 O-O 18. Bc1 g4 19. Nh4 Bg5 20. Ng6 Re8 21. Nf4 Nc6 22. Nxh5 Rf8 23. Bxg5 Qxg5 24. Nf6+ Kg7 25. Qh7# 1-0


[Site "https://www.chess.com"]

[Event "Titled Tuesday Blitz April 18 Late 2023"]
[White "Hansen, Eric"]
[Black "Sieciechowicz, Marcin"]
[WhiteFideId "2606771"]
[BlackFideId "1130170"]
[WhiteElo "2561"]
[BlackElo "2302"]
[Result "1-0"]
[Round "07"]
[TimeControl "180+2"]
[Date "2023.04.18"]
[WhiteClock "0:00:05"]
[BlackClock "0:00:07"]

1. d4 d5 2. c4 c6 3. Nf3 Nf6 4. e3 Bf5 5. Nc3 e6 6. Nh4 Bg6 7. Nxg6 hxg6 8. Bd3 Nbd7 9. g3 Bd6 10. O-O O-O 11. a3 dxc4 12. Bxc4 e5 13. Ba2 Nb6 14. Qc2 exd4 15. exd4 Nbd5 16. Bg5 Qa5 17. Bxf6 gxf6 18. Bxd5 cxd5 19. Qb3 Rfd8 20. Nxd5 Kg7 21. Nc3 Rac8 22. Rfd1 Qa6 23. Ne4 f5 24. Nxd6 Rxd6 25. d5 Qc4 26. Qxb7 Rc7 27. Qb8 Rcd7 28. Rac1 Qa4 29. Re1 Rxd5 30. Rc8 Qb5 31. Rg8+ Kf6 32. Qf8 Rd1 33. Qg7+ Kg5 34. Kg2 Qc6+ 35. Kh3 Qf3 36. Re3 Qg4+ 37. Kg2 1-0


[Site "https://www.chess.com"]

[Event "Titled Tuesday Blitz April 18 Late 2023"]
[White "Bartel, Mateusz"]
[Black "Aldokhin, Ivan"]
[WhiteFideId "1112635"]
[BlackFideId "24115720"]
[WhiteElo "2521"]
[BlackElo "2322"]
[Result "1-0"]
[Round "07"]
[TimeControl "180+2"]
[Date "2023.04.18"]
[WhiteClock "0:00:09"]
[BlackClock "0:00:02"]

1. d4 Nf6 2. Nf3 g6 3. Nbd2 Bg7 4. e4 d6 5. h3 O-O 6. Bd3 c5 7. c3 cxd4 8. cxd4 Nc6 9. a3 e5 10. d5 Nd4 11. O-O Nxf3+ 12. Nxf3 Nh5 13. Bg5 Bf6 14. Be3 Nf4 15. Qd2 Nxd3 16. Qxd3 Bd7 17. Rac1 Qa5 18. b4 Qa4 19. Rfe1 Rfc8 20. Bg5 Bxg5 21. Nxg5 h6 22. Nf3 Rxc1 23. Rxc1 Rc8 24. Rxc8+ Bxc8 25. Kf1 Bd7 26. Ke1 a5 27. Qc3 axb4 28. axb4 Bb5 29. Nd2 Qa2 30. g3 Kg7 31. f4 Qa7 32. Nf3 Qa2 33. Nd2 Qa7 34. Kd1 Qg1+ 35. Kc2 Kf6 36. fxe5+ dxe5 37. h4 Qf2 38. Qf3+ Qxf3 39. Nxf3 Be2 40. Ne1 g5 41. Kd2 Bb5 42. Ke3 Ke7 43. Nf3 f6 44. Nh2 Bd7 45. Nf1 Kd6 46. Nd2 Kc7 47. Nc4 b5 48. Na5 Kd6 49. Nb3 Bc8 50. Nc5 Bg4 51. Nb7+ Kc7 52. Nc5 Kd6 53. Nd3 Bd7 54. Nf2 Bc8 55. Kf3 Bd7 56. Ng4 h5 57. Nxf6 g4+ 58. Ke3 Bc8 59. Nxh5 1-0


[Site "https://www.chess.com"]

[Event "Titled Tuesday Blitz April 18 Late 2023"]
[White "Costachi, Mihnea"]
[Black "Rastbod, Ali"]
[WhiteFideId "1217518"]
[BlackFideId "12567477"]
[WhiteElo "2456"]
[BlackElo "2248"]
[Result "1-0"]
[Round "07"]
[TimeControl "180+2"]
[Date "2023.04.18"]
[WhiteClock "0:00:17"]
[BlackClock "0:00:03"]

1. Nc3 d5 2. d4 Nf6 3. Bf4 c5 4. e3 cxd4 5. exd4 a6 6. Nf3 Bg4 7. Be2 Bxf3 8. Bxf3 Nc6 9. O-O e6 10. Ne2 Bd6 11. Bg5 Qc7 12. h3 O-O 13. Bxf6 gxf6 14. Qd2 Ne7 15. Qh6 Ng6 16. c3 Kh8 17. Kh1 Rg8 18. g3 f5 19. Rg1 Ne7 20. Qf6+ Rg7 21. g4 Ng8 22. Qh4 Be7 23. Qg3 Bd6 24. Qh4 Be7 25. Qh5 Nf6 26. Qh6 Rg6 27. Qe3 fxg4 28. Bxg4 Nxg4 29. Rxg4 Rxg4 30. hxg4 Rg8 31. Rg1 Rg6 32. Nf4 Rh6+ 33. Nh5 Rg6 34. f4 Qd7 35. Qe5+ f6 36. Qe3 Bd6 37. f5 exf5 38. gxf5 Rxg1+ 39. Kxg1 Qf7 40. Qh6 Be7 41. Nf4 Kg8 42. Ne6 Bd6 43. Kg2 Kh8 44. Kf3 b5 45. a3 Be7 46. Ke2 Bd6 47. Kd3 Be7 48. Kc2 Bd6 49. Kb3 Bb8 50. Kb4 Bd6+ 51. Kb3 Bb8 52. Kc2 Bd6 53. Kb1 Bb8 54. Ka2 Ba7 55. Qf4 Qd7 56. Qh4 Qf7 57. Qh2 Qd7 58. Nf8 Qf7 59. Qd6 h6 60. Ng6+ Kg7 61. Qd8 1-0


[Site "https://www.chess.com"]

[Event "Titled Tuesday Blitz April 18 Late 2023"]
[White "Adla, Diego"]
[Black "Vivekananthan, Anish"]
[WhiteFideId "100072"]
[BlackFideId "2090775"]
[WhiteElo "2377"]
[BlackElo "2834"]
[Result "0-1"]
[Round "07"]
[TimeControl "180+2"]
[Date "2023.04.18"]
[WhiteClock "0:00:33"]
[BlackClock "0:00:10"]

1. e4 c6 2. Nf3 d5 3. d3 Qc7 4. Nc3 dxe4 5. dxe4 e5 6. Bc4 h6 7. a4 Nf6 8. Qe2 Bb4 9. O-O O-O 10. h3 Nbd7 11. Nh4 Bxc3 12. bxc3 Nc5 13. Ba3 b6 14. Bxc5 bxc5 15. Rfd1 Re8 16. Rab1 Qa5 17. Bb3 Qxc3 18. Rd6 Be6 19. Bxe6 Rxe6 20. Rxe6 fxe6 21. Nf3 Rd8 22. a5 Qxa5 23. Nxe5 Qc7 24. Nf3 Qf4 25. Re1 Kh7 26. g3 Qc7 27. Kg2 e5 28. Qc4 Qe7 29. Rb1 a5 30. Ra1 Ra8 31. Ra4 Qd6 32. Qc3 Rb8 33. Qxe5 Qxe5 34. Nxe5 Rb4 35. Rxa5 Rxe4 36. Nxc6 Rc4 37. Ra2 Nd5 38. Ne5 Rc3 39. Nf3 Nb4 40. Ra7 Rxc2 41. Nh4 Nd3 42. Rf7 c4 43. Kf1 c3 44. f4 Rf2+ 45. Kg1 c2 46. Rc7 Rd2 47. Nf3 Rd1+ 48. Kg2 c1=Q 0-1


[Site "https://www.chess.com"]

[Event "Titled Tuesday Blitz April 18 Late 2023"]
[White "Suder, Jakub"]
[Black "Baskakov, Egor"]
[WhiteFideId "1195310"]
[BlackFideId "24197866"]
[WhiteElo "2287"]
[BlackElo "2212"]
[Result "0-1"]
[Round "07"]
[TimeControl "180+2"]
[Date "2023.04.18"]
[WhiteClock "0:02:00"]
[BlackClock "0:02:30"]

1. d4 Nf6 2. c4 e6 3. Nc3 d5 4. cxd5 Nxd5 5. Bd2 Be7 6. e4 Nxc3 7. Bxc3 O-O 8. Nf3 b6 9. Bc4 Bb7 10. Qe2 Nd7 11. Rd1 Nf6 12. Bd3 c5 13. dxc5 Bxc5 14. e5 Nd5 15. Qe4 g6 16. Bd4 Nc3 17. Qxb7 Nxd1 18. Bxc5 bxc5 0-1


[Site "https://www.chess.com"]

[Event "Titled Tuesday Blitz April 18 Late 2023"]
[White "Janaszak, Dawid"]
[Black "Smirnov, Pavel"]
[WhiteFideId "1119206"]
[BlackFideId "4123425"]
[WhiteElo "2220"]
[BlackElo "2519"]
[Result "1/2-1/2"]
[Round "07"]
[TimeControl "180+2"]
[Date "2023.04.18"]
[WhiteClock "0:00:23"]
[BlackClock "0:00:11"]

1. e4 e5 2. Nf3 Nc6 3. d4 exd4 4. Nxd4 Nf6 5. Nxc6 bxc6 6. e5 Qe7 7. Qe2 Nd5 8. h4 Qe6 9. Nd2 Nb4 10. Nf3 Ba6 11. c4 d5 12. Nd4 Qd7 13. a3 dxc4 14. axb4 Qxd4 15. Rxa6 Bxb4+ 16. Bd2 Qxb2 17. Bxb4 Qxb4+ 18. Qd2 c3 19. Qc2 Rd8 20. Bd3 Qd4 21. Rh3 O-O 22. Rxc6 Rfe8 23. Re3 Rxe5 24. Rxe5 Qxe5+ 25. Kf1 Qd4 26. Rxc3 Qxh4 27. f3 Qh1+ 28. Kf2 Re8 29. Be2 Qh4+ 30. Kf1 Qh1+ 31. Kf2 Qh4+ 32. Kf1 Qh1+ 33. Kf2 1/2-1/2


[Site "https://www.chess.com"]

[Event "Titled Tuesday Blitz April 18 Late 2023"]
[White "Goltsev, Dmitry"]
[Black "Di Berardino, Diego Rafael"]
[WhiteFideId "24176710"]
[BlackFideId "2105446"]
[WhiteElo "2336"]
[BlackElo "2432"]
[Result "0-1"]
[Round "07"]
[TimeControl "180+2"]
[Date "2023.04.18"]
[WhiteClock "0:00:01"]
[BlackClock "0:00:08"]

1. e4 Nf6 2. e5 Nd5 3. c4 Nb6 4. d4 d6 5. exd6 cxd6 6. Nc3 g6 7. Nf3 Bg7 8. Be3 O-O 9. Bd3 Bg4 10. h3 Bxf3 11. Qxf3 Nc6 12. Qg4 Nb4 13. Qe2 Rc8 14. b3 Nxd3+ 15. Qxd3 d5 16. c5 Nd7 17. O-O e6 18. b4 a6 19. a4 Qf6 20. Rfc1 Rfd8 21. b5 axb5 22. axb5 Qe7 23. Bf4 e5 24. Bg3 exd4 25. Nxd5 Qg5 26. Qf3 Nxc5 27. Nb6 d3 28. Rab1 d2 29. Rd1 Rd3 30. Qe2 Rcd8 31. Bc7 R8d4 32. Qe8+ Bf8 33. Ra1 Re4 34. Qc8 Nb3 35. Ra8 Qe7 36. Kh2 Re1 37. Bf4 Rxd1 38. Bh6 Rh1+ 39. Kxh1 d1=Q+ 40. Kh2 Rd8 41. Qc3 Qed6+ 0-1


[Site "https://www.chess.com"]